 Dungeon Crawl Stone Soup version 0.31.0-4-g52a2dc7128 (webtiles) character file.

Game seed: 5005099809329719257

28 BeingJoeMalik the Sneak (level 3, -1/23 HPs)
             Began as a Tengu Delver on Jan 21, 2024.
             Splashed by a jelly's acid (2 damage)
             ... on level 5 of the Dungeon.
             The game lasted 00:01:34 (231 turns).

BeingJoeMalik the Sneak (Tengu Delver)               Turns: 231, Time: 00:01:35

Health: -1/23      AC:  0    Str: 12    XL:     3   Next: 12%
Magic:  4/4        EV: 12    Int: 10    God:
Gold:   13         SH:  0    Dex: 17    Spells: 2/2 levels left

rFire   . . .        a - +0 spear
rCold   . . .        (no shield)
rNeg    . . .        b - +0 leather armour
rPois   .            (helmet restricted)
rElec   .            (no cloak)
rCorr   .            (no gloves)
SInv    .            (boots unavailable)
Will    .....        (no amulet)
Stlth   +++          (no ring)
HPRegen 0.23/turn    (no ring)
MPRegen 0.09/turn

%: acrobat
@: corroded
A: beak, talons 3, acrobatic
a: no special abilities


You were on level 5 of the Dungeon.
You visited 1 branch of the dungeon, and saw 2 of its levels.

You collected 13 gold pieces.

Inventory:

Hand Weapons
 a - a +0 spear (weapon)
Armour
 b - a +0 leather armour (worn)
Wands
 g - a wand of digging (3)
Scrolls
 c - a scroll of fog
 d - a scroll of revelation
Potions
 f - a potion of haste


   Skills:
 - Level 3.2 Fighting
 + Level 2.3 Polearms
 - Level 0.1 Armour
 - Level 2.2 Dodging
 - Level 5.6 Stealth


You had 2 spell levels left.
You didn't know any spells.
Your spell library was empty.

Dungeon Overview and Level Annotations

Branches:
Dungeon (6/15)
 Temple: D:4-7

Altars:


Innate Abilities, Weirdness & Mutations

You have a beak for a mouth.
You have claws for feet.
You can magically evade attacks while moving or waiting.


Message History

You climb upwards.
There is a stone staircase leading down here.
Unknown command.
You reach to attack!
You hit the lemure.
The lemure is lightly wounded.
You barely miss the lemure.
The lemure is lightly wounded.
The lemure hits you!
You hit the lemure. You claw the lemure.
The lemure is moderately wounded.
The lemure hits you.
You hit the lemure. Your kick misses the lemure.
The lemure is moderately wounded.
The lemure closely misses you.
Okay, then.
As you read the scroll of fear, it crumbles to dust.
You assume a fearsome visage.
The lemure looks frightened!
You start resting.
A lemure is nearby!
Found 7 stones.
You see here 7 stones.
A jelly comes into view.
The jelly quivers.
Reach: a) +0 spear
Press: ? - help, Dir - move target, f - jelly
Aim: a jelly (about 10% to evade your +0 spear)
You reach to attack!
You hit the jelly.
The jelly is lightly wounded.
Unknown command.
You hit the jelly.
Your hands burn!
Your kick misses the jelly.
The jelly is moderately wounded.
The jelly hits you.
You are splashed with acid!
Unknown command.
You hit the jelly.
Your hands burn!
You peck the jelly.
The jelly is severely wounded.
The jelly hits you. The acid corrodes you!
You are splashed with acid.
* * * LOW HITPOINT WARNING * * *
Unknown command.
You hit the jelly but do no damage.
Your hands burn!
You die...

#........####.#
##.###........#
..#.#.######
#.#.#.# #.#.#.#
#.#.#.# #.#$#.#
#.#.#.# ...######
#@#.#.# ...J..J.#
#J#.#.# #.#
#.#.#.# #.#
#.#.#.#
#.#####.###.#.#.#
#.....(.....#.#.#
#######.#####.#.#
................#
#################


You could see a jelly.

Vanquished Creatures
  A hound (D:5)
1 creature vanquished.

Notes
Turn   | Place    | Note
-------+----------+-------------------------------------------
     0 | D:5      | BeingJoeMalik the Tengu Delver began the quest for the Orb.
     0 | D:5      | Reached XP level 1. HP: 14/14 MP: 2/2
    14 | D:5      | Noticed a hound
    19 | D:5      | Killed a hound
    20 | D:5      | Reached XP level 2. HP: 10/19 MP: 3/3
    20 | D:5      | Reached XP level 3. HP: 12/23 MP: 4/4
    72 | D:5      | Noticed a lemure
    72 | D:5      | Noticed a lemure
   154 | D:6      | Noticed an orc warrior
   230 | D:5      | HP: 1/23 [acid (6)]
   231 | D:5      | Splashed by a jelly's acid

Illustrated notes

Levels and vault maps discovered:
D:5:      layout_loops_ring, serial_shops, nicolae_shop_advertising_works
          [nicolae_subvault_shop_adworks], chequers_serial_rivers_micro_b,
          uniq_pikel
D:6:      layout_cave_pools, minmay_temple_entry_large_hall,
          ebering_ghost_sewer_d, kennysheep_cross_bottleneck,
          hangedman_decor_peaks_small, pf_guarded_unrand_meek

Action                     || total
---------------------------++-------
  Melee: Spear             ||    11
         Kick              ||     3
         Peck              ||     2
    Use: Scroll            ||     1
 Armour: Leather armour    ||     8
  Dodge: Dodged            ||     1
